TOP OF THE 1ST |
Houston Astros batting - Pitching for Los Angeles Dodgers : RHP David Garcia
|
Pitching: RHP David Garcia
|
|
Batting: RHB Mickey Hatcher
|
0-0: Ball 1-0: Ball 2-0: Foul Ball, location: 2F 2-1: Swinging Strike 2-2: Ball 3-2: Fly out, F8 (Line Drive, 8RM, EV 93.1 MPH)
|
Batting: RHB John Castino
|
0-0: Swinging Strike 0-1: Foul Ball, location: 2F 0-2: Ball 1-2: Ball 2-2: TRIPLE (Line Drive, 78XD, EV 106.9 MPH)
|
Batting: LHB Jose Cruz
|
0-0: Called Strike 0-1: Ball 1-1: SINGLE (Groundball, 4D, EV 108.8 MPH) John Castino scores
|
Batting: RHB Julio Franco
|
0-0: Called Strike 0-1: Called Strike 0-2: Strikes out looking
|
Batting: SHB Christopher Clark
|
0-0: Foul Ball, location: 2F 0-1: Ball 1-1: Ball 2-1: Ball 3-1: SINGLE (Line Drive, 78S, EV 102.5 MPH) Jose Cruz to second
|
Batting: RHB Zail Smith
|
0-0: Ball 1-0: Called Strike 1-1: Ball 2-1: Foul Ball, location: 2F 2-2: Fly out, F7 (Flyball, 7, EV 83.1 MPH)
|
Top of the 1st over - 1 run, 3 hits, 0 errors, 2 left on base; Houston 1 - Los Angeles 0 |
BOTTOM OF THE 1ST |
Los Angeles Dodgers batting - Pitching for Houston Astros : RHP Steve Bedrosian
|
Pitching: RHP Steve Bedrosian
|
|
Batting: RHB Billy Sample
|
0-0: Swinging Strike 0-1: Swinging Strike 0-2: Ball 1-2: Ground out 6-3 (Groundball, 6M, EV 83.8 MPH)
|
Batting: RHB Mike Shelton
|
0-0: Called Strike 0-1: Ball 1-1: Called Strike 1-2: Fly out, F6 (Line Drive, 6, EV 64.4 MPH)
|
Batting: RHB Jerry Keller
|
0-0: Ball 1-0: Ball 2-0: Ground out 4-3 (Groundball, 4MD, EV 105.6 MPH)
|
Bottom of the 1st over - 0 runs, 0 hits, 0 errors, 0 left on base; Houston 1 - Los Angeles 0 |
TOP OF THE 2ND |
Houston Astros batting - Pitching for Los Angeles Dodgers : RHP David Garcia
|
Batting: LHB Jerry Narron
|
0-0: Fly out, F8 (Flyball, 8RM, EV 86.9 MPH)
|
Batting: RHB Ricky Adams
|
0-0: Swinging Strike 0-1: Ball 1-1: Ball 2-1: Foul Ball, location: 2F 2-2: Foul Ball, location: 2F 2-2: Reached on error, E8 (Flyball, 8RM, EV 92.5 MPH)
|
Batting: RHB Steve Bedrosian
|
0-0: Ball 1-0: Called Strike 1-1: Bunted foul 1-2: Sac Bunt to 15 - play at first, batter OUT! 1-4 Ricky Adams to second
|
Batting: RHB Mickey Hatcher
|
0-0: Ball 1-0: Called Strike 1-1: Fly out, F4 (Popup, 4, EV 69.4 MPH)
|
Top of the 2nd over - 0 runs, 0 hits, 1 error, 1 left on base; Houston 1 - Los Angeles 0 |
BOTTOM OF THE 2ND |
Los Angeles Dodgers batting - Pitching for Houston Astros : RHP Steve Bedrosian
|
Batting: LHB Ronald Jackson
|
0-0: Ball 1-0: Ball 2-0: Ball 3-0: Called Strike 3-1: Base on Balls
|
Batting: RHB Gary Gaetti
|
0-0: Ball 1-0: Ball 2-0: Ball 3-0: Called Strike 3-1: Called Strike 3-2: Foul Ball, location: 2F 3-2: Foul Ball, location: 2F 3-2: Base on Balls Ronald Jackson to second
|
Batting: SHB Chris W Smith
|
0-0: Ball 1-0: Ball 2-0: Foul Ball, location: 2F 2-1: Ball 3-1: Fly out, F2 (Popup, 5SF, EV 81.9 MPH)
|
Batting: RHB Damaso Garcia
|
0-0: Grounds into double play, 6-4-3 (Groundball, 56, EV 85.0 MPH)
|
Bottom of the 2nd over - 0 runs, 0 hits, 0 errors, 1 left on base; Houston 1 - Los Angeles 0 |
TOP OF THE 3RD |
Houston Astros batting - Pitching for Los Angeles Dodgers : RHP David Garcia
|
Batting: RHB John Castino
|
0-0: Called Strike 0-1: Fly out, F7 (Line Drive, 7S, EV 108.8 MPH)
|
Batting: LHB Jose Cruz
|
0-0: Foul Ball, location: 2F 0-1: Ground out 1-4-3 (Groundball, 15S, EV 98.8 MPH)
|
Batting: RHB Julio Franco
|
0-0: Ball 1-0: Fly out, F8 (Line Drive, 8LM, EV 86.3 MPH)
|
Top of the 3rd over - 0 runs, 0 hits, 0 errors, 0 left on base; Houston 1 - Los Angeles 0 |
BOTTOM OF THE 3RD |
Los Angeles Dodgers batting - Pitching for Houston Astros : RHP Steve Bedrosian
|
Batting: RHB John Almon
|
0-0: Called Strike 0-1: Called Strike 0-2: Fly out, F4 (Flyball, 34D, EV 85.0 MPH)
|
Batting: SHB David Garcia
|
0-0: Called Strike 0-1: Foul Ball, location: 2F 0-2: Strikes out swinging
|
Batting: RHB Billy Sample
|
0-0: Foul Ball, location: 2F 0-1: Swinging Strike 0-2: Fly out, F8 (Flyball, 8RS, EV 90.0 MPH)
|
Bottom of the 3rd over - 0 runs, 0 hits, 0 errors, 0 left on base; Houston 1 - Los Angeles 0 |
TOP OF THE 4TH |
Houston Astros batting - Pitching for Los Angeles Dodgers : RHP David Garcia
|
Batting: SHB Christopher Clark
|
0-0: Ball 1-0: Ball 2-0: Foul Ball, location: 2F 2-1: Ball 3-1: Foul Ball, location: 2F 3-2: Foul Ball, location: 2F 3-2: Foul Ball, location: 2F 3-2: Foul Ball, location: 2F 3-2: Foul Ball, location: 2F 3-2: Base on Balls
|
Batting: RHB Zail Smith
|
0-0: Ball 1-0: Fielders Choice at 2nd, 5-4 (Groundball, 56, EV 88.1 MPH)
|
Batting: LHB Jerry Narron
|
0-0: Ball 1-0: Called Strike Zail Smith steals 2nd base 1-1: Foul Ball, location: 2F 1-2: Ball 2-2: Ball 3-2: Foul Ball, location: 2F 3-2: SINGLE (Line Drive, 4MD, EV 108.1 MPH) Zail Smith to third
|
Batting: RHB Ricky Adams
|
0-0: Called Strike 0-1: Swinging Strike 0-2: Ball 1-2: Strikes out swinging
|
Batting: RHB Steve Bedrosian
|
0-0: Called Strike 0-1: Swinging Strike 0-2: Strikes out looking
|
Top of the 4th over - 0 runs, 1 hit, 0 errors, 2 left on base; Houston 1 - Los Angeles 0 |
BOTTOM OF THE 4TH |
Los Angeles Dodgers batting - Pitching for Houston Astros : RHP Steve Bedrosian
|
Batting: RHB Mike Shelton
|
0-0: Called Strike 0-1: Called Strike 0-2: Ball 1-2: Foul Ball, location: 2F 1-2: Foul Ball, location: 2F 1-2: Ball 2-2: Ball 3-2: SINGLE (Line Drive, 8LS, EV 93.8 MPH)
|
Batting: RHB Jerry Keller
|
0-0: Ball Mike Shelton steals 2nd base 1-0: SINGLE (Line Drive, 5D, EV 98.1 MPH) Mike Shelton to third Runner from 3rd tries for Home, SAFE, throw by LF to home
|
Batting: LHB Ronald Jackson
|
0-0: Fielders Choice at 2nd, 1-4 (Groundball, 15S, EV 69.4 MPH)
|
Batting: RHB Gary Gaetti
|
0-0: Ball 1-0: Ball 2-0: Foul Ball, location: 2F 2-1: Ball 3-1: Foul Ball, location: 2F 3-2: Fly out, F8 (Flyball, 78D, EV 105.0 MPH)
|
Batting: SHB Chris W Smith
|
0-0: Called Strike 0-1: Ball 1-1: Fielders Choice at 2nd, 6-4 (Groundball, 6, EV 88.1 MPH)
|
Bottom of the 4th over - 1 run, 2 hits, 0 errors, 1 left on base; Houston 1 - Los Angeles 1 |
TOP OF THE 5TH |
Houston Astros batting - Pitching for Los Angeles Dodgers : RHP David Garcia
|
Batting: RHB Mickey Hatcher
|
0-0: Ball 1-0: Ball 2-0: Called Strike 2-1: Ground out 5-3 (Groundball, 56S, EV 71.9 MPH)
|
Batting: RHB John Castino
|
0-0: TRIPLE (Line Drive, 8RXD, EV 106.9 MPH)
|
Batting: LHB Jose Cruz
|
0-0: SINGLE (Line Drive, 89S, EV 90.0 MPH) John Castino scores
|
Batting: RHB Julio Franco
|
0-0: SINGLE (Line Drive, 78M, EV 87.5 MPH) Jose Cruz to second
|
Batting: SHB Christopher Clark
|
0-0: Ball 1-0: Fielders Choice at 2nd, 5-4 (Groundball, 56S, EV 84.4 MPH) Jose Cruz to third
|
Batting: RHB Zail Smith
|
0-0: Foul Ball, location: 2F 0-1: Ball 1-1: Ball 2-1: Foul Ball, location: 2F 2-2: Ball 3-2: Ground out 6-3 (Groundball, 6, EV 91.3 MPH)
|
Top of the 5th over - 1 run, 3 hits, 0 errors, 2 left on base; Houston 2 - Los Angeles 1 |
BOTTOM OF THE 5TH |
Los Angeles Dodgers batting - Pitching for Houston Astros : RHP Steve Bedrosian
|
Batting: RHB Damaso Garcia
|
0-0: Ball 1-0: Bunt missed! 1-1: Ball 2-1: Fly out, F8 (Flyball, 78D, EV 100.0 MPH)
|
Batting: RHB John Almon
|
0-0: Ball 1-0: Called Strike 1-1: Fly out, F8 (Line Drive, 8RD, EV 107.5 MPH)
|
Batting: SHB David Garcia
|
0-0: Ground out 4-3 (Groundball, 4M, EV 108.8 MPH)
|
Bottom of the 5th over - 0 runs, 0 hits, 0 errors, 0 left on base; Houston 2 - Los Angeles 1 |
TOP OF THE 6TH |
Houston Astros batting - Pitching for Los Angeles Dodgers : RHP David Garcia
|
Batting: LHB Jerry Narron
|
0-0: Foul Ball, location: 2F 0-1: Swinging Strike 0-2: Strikes out looking
|
Batting: RHB Ricky Adams
|
0-0: Fly out, F8 (Flyball, 8RM, EV 90.0 MPH)
|
Batting: RHB Steve Bedrosian
|
0-0: Foul Ball, location: 2F 0-1: Swinging Strike 0-2: Strikes out swinging
|
Top of the 6th over - 0 runs, 0 hits, 0 errors, 0 left on base; Houston 2 - Los Angeles 1 |
BOTTOM OF THE 6TH |
Los Angeles Dodgers batting - Pitching for Houston Astros : RHP Steve Bedrosian
|
Batting: RHB Billy Sample
|
0-0: Called Strike 0-1: Ball 1-1: Fly out, F9 (Line Drive, 9, EV 92.5 MPH)
|
Batting: RHB Mike Shelton
|
0-0: Called Strike 0-1: Ball 1-1: Ball 2-1: Ball 3-1: SINGLE (Line Drive, 8LS, EV 106.9 MPH)
|
Batting: RHB Jerry Keller
|
0-0: Ball 1-0: Swinging Strike 1-1: Ball 2-1: Foul Ball, location: 2F 2-2: Ball 3-2: Foul Ball, location: 2F 3-2: Fly out, F9 (Flyball, 9LD, EV 86.9 MPH)
|
Batting: LHB Ronald Jackson
|
0-0: Ball Mike Shelton steals 2nd, throwing error, E2 Mike Shelton to third 1-0: Ball 2-0: Foul Ball, location: 2F 2-1: Foul Ball, location: 2F 2-2: Foul Ball, location: 2F 2-2: Strikes out swinging
|
Bottom of the 6th over - 0 runs, 1 hit, 1 error, 1 left on base; Houston 2 - Los Angeles 1 |
TOP OF THE 7TH |
Houston Astros batting - Pitching for Los Angeles Dodgers : RHP David Garcia
|
Batting: RHB Mickey Hatcher
|
0-0: Called Strike 0-1: Ground out 5-3 (Groundball, 56, EV 102.5 MPH)
|
Batting: RHB John Castino
|
0-0: Foul Ball, location: 2F 0-1: Foul Ball, location: 2F 0-2: Ball 1-2: Ball 2-2: Foul Ball, location: 2F 2-2: Reached on error, E5 (Groundball, 56, EV 85.0 MPH)
|
Batting: LHB Jose Cruz
|
0-0: Fly out, F6 (Line Drive, 6, EV 62.5 MPH)
|
Batting: RHB Julio Franco
|
0-0: Ball 1-0: Ground out U3 (Groundball, 3L, EV 80.6 MPH)
|
Top of the 7th over - 0 runs, 0 hits, 1 error, 1 left on base; Houston 2 - Los Angeles 1 |
BOTTOM OF THE 7TH |
Los Angeles Dodgers batting - Pitching for Houston Astros : RHP Steve Bedrosian
|
Batting: RHB Gary Gaetti
|
0-0: Ball 1-0: Swinging Strike 1-1: Ground out 5-3 (Groundball, 5L, EV 99.4 MPH)
|
Batting: SHB Chris W Smith
|
0-0: Called Strike 0-1: SINGLE (Line Drive, 7S, EV 91.3 MPH)
|
Pinch Hitting: RHB Dick Davis
|
0-0: Ball 1-0: Fly out, F9 (Flyball, 9D, EV 101.3 MPH)
|
Pinch Hitting: RHB Carney Lansford
|
0-0: Called Strike 0-1: Fly out, F8 (Flyball, 78M, EV 93.8 MPH)
|
Bottom of the 7th over - 0 runs, 1 hit, 0 errors, 1 left on base; Houston 2 - Los Angeles 1 |
TOP OF THE 8TH |
Houston Astros batting - Pitching for Los Angeles Dodgers : RHP David Garcia
|
Now at 2B: Toby Harrah
|
|
Now in RF: Dick Davis
|
|
Batting: SHB Christopher Clark
|
0-0: Fly out, F8 (Line Drive, 8RM, EV 108.1 MPH)
|
Batting: RHB Zail Smith
|
0-0: Called Strike 0-1: Ball 1-1: Foul Ball, location: 2F 1-2: Foul Ball, location: 2F 1-2: Hit by Pitch
|
Batting: LHB Jerry Narron
|
0-0: Called Strike Zail Smith steals 2nd base 0-1: Ball 1-1: Intentional Walk
|
Batting: RHB Ricky Adams
|
0-0: Ball 1-0: Ball 2-0: Fly out, F8 (Flyball, 89M, EV 96.3 MPH) Runner from 2nd tags up, SAFE at 3rd with throw by CF
|
Pinch Hitting: LHB George Vukovich
|
0-0: Ball 1-0: Fly out, F7 (Flyball, 7LM, EV 91.9 MPH)
|
Top of the 8th over - 0 runs, 0 hits, 0 errors, 2 left on base; Houston 2 - Los Angeles 1 |
BOTTOM OF THE 8TH |
Los Angeles Dodgers batting - Pitching for Houston Astros : RHP Steve Bedrosian
|
Pitching: RHP Luis Aponte
|
|
Batting: SHB David Garcia
|
0-0: Foul Ball, location: 2F 0-1: Ball 1-1: Foul Ball, location: 2F 1-2: Ball 2-2: Ball 3-2: Strikes out looking
|
Batting: RHB Billy Sample
|
0-0: SINGLE (Line Drive, 78M, EV 105.6 MPH)
|
Batting: RHB Mike Shelton
|
0-0: Ball Billy Sample is caught stealing 2nd base 2-4 1-0: Fly out, F7 (Flyball, 7LM, EV 101.9 MPH)
|
Bottom of the 8th over - 0 runs, 1 hit, 0 errors, 0 left on base; Houston 2 - Los Angeles 1 |
TOP OF THE 9TH |
Houston Astros batting - Pitching for Los Angeles Dodgers : RHP David Garcia
|
Batting: RHB Mickey Hatcher
|
0-0: Ball 1-0: Ball 2-0: Swinging Strike 2-1: Ball 3-1: Base on Balls
|
Batting: RHB John Castino
|
0-0: Ball Mickey Hatcher is caught stealing 2nd base 2-4 1-0: Swinging Strike 1-1: Called Strike 1-2: Fly out, F7 (Flyball, 7LD, EV 95.6 MPH)
|
Batting: LHB Jose Cruz
|
0-0: Ball 1-0: Ball 2-0: Foul Ball, location: 2F 2-1: Foul Ball, location: 2F 2-2: Foul Ball, location: 2F 2-2: Ball 3-2: Foul Ball, location: 2F 3-2: Fly out, F9 (Flyball, 9S, EV 96.9 MPH)
|
Top of the 9th over - 0 runs, 0 hits, 0 errors, 0 left on base; Houston 2 - Los Angeles 1 |
BOTTOM OF THE 9TH |
Los Angeles Dodgers batting - Pitching for Houston Astros : RHP Luis Aponte
|
Batting: RHB Jerry Keller
|
0-0: Called Strike 0-1: SINGLE (Line Drive, 4D, EV 95.6 MPH)
|
Batting: LHB Ronald Jackson
|
0-0: Foul Ball, location: 2F 0-1: Ball 1-1: Ball 2-1: Ball 3-1: Called Strike 3-2: Fly out, F9 (Flyball, 9D, EV 93.1 MPH)
|
Batting: RHB Gary Gaetti
|
0-0: Ball 1-0: Called Strike 1-1: Foul Ball, location: 2F 1-2: Fly out, F7 (Flyball, 7LS, EV 84.4 MPH)
|
Batting: SHB Chris W Smith
|
0-0: Ball 1-0: Ball 2-0: Called Strike 2-1: Ball 3-1: Called Strike 3-2: Base on Balls Jerry Keller to second
|
Pinch Runner at 2nd Roberto Reyes:
|
|
Batting: RHB Dick Davis
|
0-0: Ball 1-0: Foul Ball, location: 2F 1-1: Fly out, F4 (Flyball, 34D, EV 85.0 MPH)
|
Bottom of the 9th over - 0 runs, 1 hit, 0 errors, 2 left on base; Houston 2 - Los Angeles 1 |
|